AoeStats
← El chamo pirámide

Pilgrims

510178847Analyzed
4v4 RM · 19h ago on Sep 29, 2026· 26m 51s· 8 players
Game mode
Random Map
Map size
Large (8 player)
Population
200
Speed
Normal
Resources
Standard
Victory
Conquest
Starting age
Dark Age
Ending age
Imperial Age
RankedLock teamsTeams togetherTeam positionsShared explorationLock speedFull tech treeHidden civsTurbo modeCheats
Victory
Defeat
🇫🇷 Cumans · France
1073
+14
🇹🇷 Malay · Türkiye
1057
+14
🇳🇱 Khitans · Netherlands
1057
+14
🇷🇴 Malians · Romania
1057
+14
🇻🇪 Bengalis · Venezuela
1057
-15
🇩🇪 Danes · Germany
1021
-14
🇧🇷 Vikings · Brazil
1014
-14
🇹🇷 Maya · Türkiye
992
-13
Marietje Toch
6:07 Loom
12:51 Feudal Age
13:35 Double-Bit Axe
14:47 Fishing Lines
15:46 Wheelbarrow
17:39 Domestication
18:01 Fletching
20:32 Castle Age
18:18 Town Watch
20:09 Padded Archer Armor
20:20 Forging
21:26 Medium Warships
21:08 Gillnets
22:14 Bodkin Arrow
23:50 Leather Archer Armor
Donald Trump
4:29 Loom
14:58 Feudal Age
16:49 Wheelbarrow
16:01 Town Watch
20:49 Horse Collar
21:03 Double-Bit Axe
24:36 Castle Age
24:53 Castle Age
MCMLXX
5:49 Loom
14:04 Feudal Age
18:57 Castle Age
17:08 Stone Mining
17:08 Double-Bit Axe
17:14 Fishing Lines
18:21 Forging
18:06 Gold Mining
20:38 Iron Casting
19:34 Demolition Ship
22:17 Scale Mail Armor
25:41 Chain Mail Armor
cagatai
7:14 Loom
11:55 Feudal Age
11:34 Fishing Lines
11:50 Double-Bit Axe
15:32 Horse Collar
15:49 Gold Mining
18:32 Castle Age
16:46 Stone Mining
23:43 Forging
23:37 Murder Holes
El chamo pirámide
12:29 Feudal Age
14:08 Wheelbarrow
14:50 Fishing Lines
16:16 Fletching
16:14 Fishing Lines
18:14 Forging
23:14 Castle Age
Rackl Peter
12:08 Feudal Age
16:04 Castle Age
15:04 Horse Collar
15:49 Double-Bit Axe
19:37 Loom
21:19 Wheelbarrow
22:38 Bow Saw
22:55 Town Watch
GQ0000
9:36 Loom
12:13 Feudal Age
12:15 Man-at-Arms
13:37 Town Watch
17:28 Double-Bit Axe
18:12 Horse Collar
23:18 Castle Age
Jewish MasterMind
8:25 Loom
12:10 Feudal Age
15:35 Fishing Lines
18:10 Castle Age
16:11 Stone Mining
16:17 Gold Mining
16:27 Double-Bit Axe
16:50 Fletching
19:12 Bodkin Arrow
19:22 Padded Archer Armor
19:28 Horse Collar
22:12 Leather Archer Armor
23:07 Wheelbarrow
22:24 Town Watch
23:04 Gillnets
25:59 Stone Shaft Mining
Connection lost

Rejoining the realm…

Still unreachable

The connection could not be restored.

Session expired

The server has moved on; the page needs a fresh start.